 Dungeon Crawl Stone Soup version 0.26-a0-591-g04f19ec95a (webtiles) character file.

Game seed: 5258121870246164108

207 Devinter the Sneak (level 6, -5/37 HPs)
             Began as a Kobold Brigand on Aug 24, 2020.
             Slain by Grinder (6 damage)
             ... while paralysed by Grinder
             ... on level 3 of the Dungeon.
             The game lasted 00:17:38 (3506 turns).

Devinter the Sneak (Kobold Brigand)                 Turns: 3506, Time: 00:17:39

Health: -5/37      AC:  4    Str:  8    XL:     6   Next: 10%
Magic:  6/6        EV:  3    Int: 12    God:
Gold:   98         SH:  0    Dex: 19    Spells: 5/5 levels left

rFire    . . .     SeeInvis .   a - +2 dagger
rCold    . . .     Faith    .   (shield restricted)
rNeg     . . .     Spirit   .   b - +0 robe
rPois    .         Reflect  .   (no helmet)
rElec    .         Harm     .   c - +0 cloak
rCorr    .                      i - +0 pair of gloves
MR       .....                  (no boots)
Stlth    ++++......             (no amulet)
HPRegen  0.12/turn              n - ring of flight
MPRegen  0.10/turn              (no ring)

@: paralysed
A: small, nightstalker 3
a: Evoke Flight


You were on level 3 of the Dungeon.
You visited 1 branch of the dungeon, and saw 4 of its levels.

You collected 98 gold pieces.

Inventory:

Hand Weapons
 a - a +2 dagger (weapon)
Missiles
 d - 3 poisoned darts (quivered)
 e - 2 curare-tipped darts
 j - 34 bolts
 u - 8 atropa-tipped darts
 w - a boomerang
 x - 23 arrows
Armour
 b - a +0 robe (worn)
 c - a +0 cloak (worn)
 i - a +0 pair of gloves (worn)
 t - +0 gold dragon scales
 v - a +2 pair of gloves
Jewellery
 n - a ring of flight (left hand)
Scrolls
 g - a scroll of teleportation {unknown}
 h - 3 scrolls of remove curse {unknown}
 m - a scroll of noise {unknown}
 o - 4 scrolls of identify {unknown}
 p - a scroll of fog {unknown}
 r - a scroll of enchant weapon {unknown}
 s - a scroll of magic mapping {unknown}
Potions
 f - a potion of curing
 k - a potion of mutation {unknown}
 l - a potion of heal wounds {unknown}
 q - a potion of ambrosia {unknown}


   Skills:
 - Level 3.0 Fighting
 - Level 5.0 Short Blades
 - Level 3.0 Throwing
 + Level 1.3 Armour
 - Level 3.0 Dodging
 - Level 6.0 Stealth


You had 5 spell levels left.
You didn't know any spells.
Your spell library was empty.

Dungeon Overview and Level Annotations

Branches:
Dungeon (4/15)
 Temple: D:4-7

Altars:
Gozag

Annotations:
D:3 Grinder


Innate Abilities, Weirdness & Mutations

You are small and have problems with some larger weapons.
You are completely attuned to the shadows.


Message History

You start resting.
HP restored.
You climb upwards.
Level annotation: Grinder
There is a stone staircase leading down here.
You aren't carrying any items that you can evoke.
Okay, then.
It was a potion of curing.
You feel better.
You hit Grinder.
Grinder is lightly wounded.
Grinder gestures at you.
You suddenly lose the ability to move!
Grinder hits you! x2
You writhe in agony.
Grinder hits you.
You writhe in agony.
* * * LOW HITPOINT WARNING * * *
Grinder hits you!
* * * LOW HITPOINT WARNING * * *
You writhe in agony.
You die...

##.....#. #.
##........##. #.
#....... ... #.
##....# #.# #.
......#####.#########
#[
####.>...##.5........
####.
###...5..##.####.###
#.... .......(.##.#
#5# #.###
###......[..# #@# #.#
#.......#.## #[# #.#
#.....###.# #[######
#.# #.........#
#.#....# #.#
#.....#.#######....#)#
#.#
#.....#)..[........#.#
#.#
#####....[.........#.#
#.# ################.#
#.# #.#######.#


You could see Grinder.

Vanquished Creatures
  An orc priest (D:3)
  2 orc wizards (D:3)
  3 gnolls (D:3)
  3 adders
  An ooze (D:2)
  2 worms
  A dart slug (D:3)
  A leopard gecko (D:2)
  8 orcs (D:3)
  6 bats
  3 giant cockroaches (D:2)
  5 goblins
  6 hobgoblins
  A ball python (D:3)
  A frilled lizard (D:2)
  3 kobolds
  8 rats
55 creatures vanquished.

Notes
Turn   | Place    | Note
-------+----------+-------------------------------------------
     0 | D:1      | Devinter the Kobold Brigand began the quest for the Orb.
     0 | D:1      | Reached XP level 1. HP: 12/12 MP: 1/1
   639 | D:1      | Reached XP level 2. HP: 18/18 MP: 2/2
  1241 | D:2      | Reached skill level 3 in Short Blades
  1408 | D:2      | Reached XP level 3. HP: 9/22 MP: 3/3
  1637 | D:2      | Reached skill level 2 in Dodging
  1889 | D:2      | Reached XP level 4. HP: 25/27 MP: 4/4
  2115 | D:2      | Reached skill level 3 in Fighting
  2302 | D:3      | Reached skill level 3 in Throwing
  2457 | D:3      | Reached skill level 3 in Dodging
  2457 | D:3      | Reached skill level 6 in Stealth
  2469 | D:3      | Reached skill level 4 in Short Blades
  2469 | D:3      | Reached XP level 5. HP: 5/32 MP: 5/5
  2481 | D:3      | HP: 3/32 [orc/boomerang (2)]
  2969 | D:3      | Found an opulent altar of Gozag.
  3012 | D:3      | Reached skill level 5 in Short Blades
  3241 | D:3      | Reached skill level 1 in Armour
  3241 | D:3      | Reached XP level 6. HP: 30/37 MP: 6/6
  3246 | D:3      | Noticed Grinder
  3502 | D:3      | Paralysed by Grinder for 6 turns
  3506 | D:3      | HP: 1/37 [Grinder (9)]
  3506 | D:3      | Slain by Grinder

Illustrated notes

Levels and vault maps discovered:
D:1:      psy_arrival_wood_between_worlds, layout_basic, serial_glass,
          glass_columns_a, glass_columns_a, grunt_decor_one_mirror,
          minmay_misc_feat_secret_circle
D:2:      layout_rooms
D:3:      layout_loops_ring, lemuel_round_altar, okawaru_ov_weapons_minmay,
          uniq_grinder
D:4:      layout_basic, kiku_gazebo_pond_becter,
          gammafunk_temple_overflow_elements, uniq_ijyb

Skill      XL: |  1  2  3  4  5 |
---------------+----------------+-----
Short Blades   | 3 4 5 |  5.0
Dodging        | 2 3 |  3.0
Fighting       | 3 |  3.0
Throwing       | 3 |  3.0
Stealth        | 6 |  6.0
Armour         | 1 |  1.3

Action                   |  1- 3 |  4- 6 || total
-------------------------+-------+-------++-------
Melee: Dagger            |    78 |   117 ||   195
Throw: Dart              |     9 |    39 ||    48
  Use: Potion            |       |     1 ||     1
 Stab: Sleeping          |    10 |     4 ||    14
       Distracted        |       |     1 ||     1
Armor: Robe              |    10 |    14 ||    24
Dodge: Dodged            |    44 |    93 ||   137

Table legend: (Time is in decaauts)
 A = Elapsed time spent in this place.
 B = Non-inter-level travel time spent in this place.
 C = Inter-level travel time spent in this place.
 D = Time resting spent in this place.
 E = Time spent auto-exploring this place.
 F = Levels seen in this place.
 G = Mean time per level.
                   A        B        C        D        E       F      G
               +--------+--------+--------+--------+--------+-----+--------+
         Total |   3470 |   3308 |    162 |   1201 |    110 |   4 |  867.5 |
       Dungeon |   3470 |   3308 |    162 |   1201 |    110 |   4 |  867.5 |
               +--------+--------+--------+--------+--------+-----+--------+

Top non-repeatable levels by time:
     D:1: 1231 daAuts
     D:2: 950 daAuts
     D:3: 820 daAuts
     D:4: 467 daAuts
